 Dungeon Crawl Stone Soup version 0.24.0-13-gcf9b3192b9 (webtiles) character file.

Game seed: 12143471950476869831, levelgen mode: deterministic

8197 roguesci the Basher (level 11, -3/71 HPs)
             Began as a Gargoyle Fighter on Nov 9, 2019.
             Was a Follower of Uskayaw.
             Slain by Vuip's ghost (18 damage)
             ... on level 9 of the Dungeon.
             The game lasted 00:25:12 (8727 turns).

roguesci the Basher (Gargoyle Fighter)              Turns: 8727, Time: 00:25:12

Health: -3/71      AC: 28    Str: 28    XL:     11   Next: 27%
Magic:  20/20      EV:  7    Int:  9    God:    Uskayaw [*.....]
Gold:   461        SH:  0    Dex:  9    Spells: 10/10 levels left

rFire    . . .     SeeInvis .   p - +2 whip (elec)
rCold    . . .     Gourm    .   c - +0 shield
rNeg     + . .     Faith    .   R - +0 plate armour
rPois    ∞         Spirit   .   h - +2 helmet
rElec    +         Reflect  .   Q - +0 cloak
rCorr    .         Harm     .   (no gloves)
MR       .....                  v - +0 pair of boots
Stlth    ..........             x - amulet of rage
HPRegen  0.21/turn              g - ring of magical power
MPRegen  0.17/turn              G - ring of stealth

@: confused, mighty, berserk cooldown, hasted and slowed
A: negative energy resistance 1, electricity resistance, unbreathing,
petrification resistance, rot immunity, AC +8
a: Stomp, Renounce Religion, Evoke Berserk Rage


You were on level 9 of the Dungeon.
You worshipped Uskayaw.
Uskayaw was noncommittal.
You were not hungry.

You visited 1 branch of the dungeon, and saw 9 of its levels.

You collected 461 gold pieces.

Inventory:

Hand Weapons
 p - a +2 whip of electrocution (weapon)
 D - a +2 dagger of speed
 H - a +2 whip of flaming
Missiles
 k - 122 stones (quivered)
Armour
 c - a +0 shield (worn)
 h - a +2 helmet (worn)
 v - a +0 pair of boots (worn)
 Q - a +0 cloak (worn)
 R - a +0 plate armour (worn)
Jewellery
 g - a ring of magical power (left hand)
 x - an amulet of rage (around neck)
 G - a ring of stealth (right hand)
 I - an uncursed ring of stealth
 J - an uncursed amulet of magic regeneration
Wands
 y - a wand of disintegration (16)
 A - a wand of flame (37)
 C - a wand of digging (5)
 E - a wand of random effects (60)
 K - a wand of acid (5)
Scrolls
 a - 2 scrolls of identify
 e - a scroll of amnesia {unknown}
 i - 2 scrolls of fog {unknown}
 l - a scroll of enchant weapon {unknown}
 n - 2 scrolls of blinking {unknown}
 q - 2 scrolls of teleportation {unknown}
 r - a scroll of noise {unknown}
 s - 4 scrolls of remove curse
 F - 2 scrolls of magic mapping
 M - a scroll of enchant armour {unknown}
 N - 2 scrolls of fear {unknown}
Potions
 b - a potion of curing
 d - a potion of haste
 m - 2 potions of mutation
 o - 3 potions of invisibility
 u - 2 potions of magic
 z - a potion of ambrosia
 B - 4 potions of cancellation
Comestibles
 f - 16 rations


   Skills:
 + Level 9.2 Fighting
 * Level 10.6 Maces & Flails
 + Level 9.2 Armour
 - Level 1.2 Dodging
 + Level 9.2 Shields


You had 10 spell levels left.
You didn't know any spells.
Your spell library was empty.

Dungeon Overview and Level Annotations

Branches:
Dungeon (9/15)             Temple (0/1) D:5            Lair (0/6) D:9
    Orc (0/2) D:9

Altars:
Ashenzari
Cheibriados
Fedhas
Gozag
Kikubaaqudgha
Okawaru
Qazlal
Ru
Uskayaw
Wu Jian
Yredelemnul

Shops:
D:8 %

Annotations:
D:7 2 transporters
D:9 Vuip's ghost, novice TrMo


Innate Abilities, Weirdness & Mutations

You are resistant to torment.
Your stone body is resilient. (AC +8)
You are immune to poison.
You resist negative energy. (rN+)
You are resistant to electric shocks. (rElec)
You can survive without breathing.
You are immune to petrification.
You are immune to rotting.


Message History

A red film seems to cover your vision as you go berserk!
You feel yourself moving faster!
You feel mighty!
You feel a lot more hungry.
The gate flies open with a bang!
You feel a strong urge to attack something.
You feel your anger nearly subside.
You are no longer berserk.
You pass out from exhaustion.
You feel yourself slow down.
Vuip's ghost says very slowly, "There's no hope."
Vuip's ghost hits you! Vuip's ghost hits you!! Vuip's ghost hits you!
You can move again.
Unknown command.
Okay, then.
You feel yourself speed up. Vuip's ghost hits you!
* * * LOW HITPOINT WARNING * * *
You are confused.
You feel invigorated. Vuip's ghost hits you!!
You die...

.# ######.#....# #.##.# ##
#......#.##.# #.##.##
#......#.##.# #.....#
#......#.##.#######..#
#......#.##..........#
#....[.#.........###.#
#......'...#####.# #.######
#...######### #.# #......#
#...#.(..(#@# #.###.####.#
****#####.(...#W# #...#≈≈≈≈≈.#
#..,,,*,#...♣.'.## #....≈###≈.#
#.#**,*,#!....'..# #.#...'_'..#
#.#,*,*,#..♣..'..# #.#.#≈###≈##
*#.#,*,*,#(...(#!.###.#.)≈≈≈≈≈*
,...,,,#.#.....#......###.###**
.#.#***#.########.##### #.#
.#.# #.# #..,..# #.#


You could see Vuip's ghost.

Vanquished Creatures
  Harold (D:8)
  2 two-headed ogres (D:8)
  The ghost of sking99 the Martial Artist, a novice OpTm of Gozag (D:6)
  Pikel (D:7)
  Joseph (D:8)
  Psyche (D:8)
  Maurice (D:8)
  Grinder (D:5)
  Sigmund (D:2)
  A wyvern (D:6)
  2 wargs (D:9)
  Edmund (D:5)
  Menkaure (D:4)
  A water moccasin (D:4)
  3 sky beasts
  5 orc warriors
  An ice beast (D:9)
  2 phantoms
  2 ogres (D:7)
  5 centaurs
  A crocodile (D:8)
  A big kobold (D:7)
  Blork the orc (D:5)
  2 bullfrogs
  4 scorpions
  A howler monkey (D:9)
  3 crimson imps
  2 jellies
  6 orc priests
  A hound (D:6)
  A bullfrog skeleton (D:5)
  Jessica (D:2)
  An iguana (D:6)
  7 orc wizards
  4 worker ants
  Terence (D:2)
  A hound skeleton (D:7)
  Robin (D:2)
  3 worker ant zombies
  9 gnolls
  9 adders
  2 shadow imps
  2 oozes
  2 adder zombies
  An adder skeleton (D:9)
  2 worms
  3 dart slugs
  7 leopard geckos
  34 orcs
  10 bats
  4 giant cockroaches
  8 hobgoblins
  3 jackals
  6 kobolds
  3 quokkas
  3 frilled lizards
  8 goblins
  2 leopard gecko skeletons
  2 quokka skeletons
  A quokka zombie (D:5)
  11 rats
  2 butterflies (D:8)
210 creatures vanquished.

Vanquished Creatures (others)
  2 jackals (D:7)
2 creatures vanquished.

Grand Total: 212 creatures vanquished

Notes
Turn   | Place    | Note
-------+----------+-------------------------------------------
     0 | D:1      | roguesci the Gargoyle Fighter began the quest for the Orb.
     0 | D:1      | Reached XP level 1. HP: 14/14 MP: 1/1
    41 | D:1      | Reached XP level 2. HP: 19/19 MP: 2/2
   510 | D:1      | Reached XP level 3. HP: 23/23 MP: 3/3
   964 | D:2      | Noticed Terence
   974 | D:2      | Killed Terence
   976 | D:2      | Noticed Robin
   980 | D:2      | Killed Robin
   980 | D:2      | Reached XP level 4. HP: 21/29 MP: 4/4
  1142 | D:2      | Found a basalt altar of Yredelemnul.
  1355 | D:2      | Noticed Sigmund
  1396 | D:2      | Killed Sigmund
  1396 | D:2      | Reached skill level 3 in Maces & Flails
  1396 | D:2      | Reached skill level 1 in Dodging
  1396 | D:2      | Reached XP level 5. HP: 34/34 MP: 5/5
  1396 | D:2      | Reached XP level 6. HP: 39/39 MP: 6/6
  1822 | D:2      | Noticed Jessica
  1830 | D:2      | Killed Jessica
  1832 | D:2      | Found an ancient bone altar of Kikubaaqudgha.
  1833 | D:2      | Found a snail-covered altar of Cheibriados.
  2804 | D:4      | Reached XP level 7. HP: 44/44 MP: 7/7
  2851 | D:4      | Reached skill level 5 in Fighting
  2851 | D:4      | Reached skill level 4 in Maces & Flails
  2851 | D:4      | Reached skill level 5 in Armour
  2851 | D:4      | Reached skill level 5 in Shields
  2901 | D:4      | Found a hide-covered altar of Uskayaw.
  2904 | D:4      | Became a worshipper of Uskayaw the Reveler
  2914 | D:4      | Reached * piety under Uskayaw
  2938 | D:4      | Noticed Menkaure
  2948 | D:5      | Entered Level 5 of the Dungeon
  2948 | D:5      | Noticed Grinder
  2952 | D:5      | Reached ** piety under Uskayaw
  2955 | D:5      | Reached *** piety under Uskayaw
  2956 | D:5      | Killed Grinder
  2956 | D:5      | Reached XP level 8. HP: 50/50 MP: 8/8
  3037 | D:4      | Killed Menkaure
  3037 | D:4      | Reached skill level 5 in Maces & Flails
  3311 | D:4      | Found a blossoming altar of Fedhas.
  3510 | D:4      | Found a shattered altar of Ashenzari.
  3510 | D:4      | Found an opulent altar of Gozag.
  3714 | D:5      | Noticed Blork the orc
  3728 | D:5      | Killed Blork the orc
  3771 | D:5      | Reached skill level 6 in Maces & Flails
  3793 | D:5      | Found an ornate altar of the Wu Jian Council.
  3893 | D:5      | Found a staircase to the Ecumenical Temple.
  4272 | D:5      | Found an iron altar of Okawaru.
  4366 | D:5      | Noticed Edmund
  4381 | D:5      | Killed Edmund
  4381 | D:5      | Reached XP level 9. HP: 56/56 MP: 9/9
  4756 | D:6      | Reached skill level 7 in Maces & Flails
  5058 | D:6      | Found a runed translucent door.
  5197 | D:6      | Noticed sking99's ghost (novice OpTm)
  5439 | D:6      | Killed sking99's ghost
  5439 | D:6      | Reached skill level 8 in Maces & Flails
  5439 | D:6      | Reached **** piety under Uskayaw
  5754 | D:7      | Found a transporter.
  5763 | D:7      | Noticed a kobold demonologist
  5786 | D:7      | Noticed a kobold demonologist
  5798 | D:7      | Found a transporter.
  5825 | D:7      | Reached XP level 10. HP: 64/64 MP: 10/10
  5840 | D:7      | Reached ***** piety under Uskayaw
  5978 | D:7      | Noticed Pikel
  5991 | D:7      | Killed Pikel
  5991 | D:7      | Reached skill level 9 in Maces & Flails
  6846 | D:8      | Found a sacrificial altar of Ru.
  7010 | D:8      | Noticed Joseph
  7026 | D:8      | Killed Joseph
  7133 | D:8      | Noticed a two-headed ogre
  7141 | D:8      | Killed a two-headed ogre
  7182 | D:8      | Noticed Harold
  7189 | D:8      | Killed Harold
  7690 | D:8      | Found Apiolamo's Food Shoppe.
  7737 | D:8      | Reached skill level 10 in Maces & Flails
  7799 | D:8      | Noticed Psyche
  7806 | D:8      | Killed Psyche
  7806 | D:8      | Reached XP level 11. HP: 69/69 MP: 11/11
  7905 | D:8      | Noticed Maurice
  7919 | D:8      | Killed Maurice
  8114 | D:8      | Noticed a two-headed ogre
  8120 | D:8      | Killed a two-headed ogre
  8294 | D:9      | Found a staircase to the Lair.
  8545 | D:9      | Found a staircase to the Orcish Mines.
  8606 | D:9      | Found a stormy altar of Qazlal.
  8640 | D:9      | Found a runed translucent gate.
  8641 | D:9      | Found a runed translucent gate.
  8641 | D:9      | Noticed Vuip's ghost (novice TrMo)
  8642 | D:9      | Found a runed translucent gate.
  8727 | D:9      | Slain by Vuip's ghost

Levels and vault maps discovered:
D:1:      minmay_arrival_split_and_join, layout_loops_cross
D:2:      layout_loops_ring, lemuel_round_altar,
          gammafunk_temple_overflow_pools, uniq_sigmund, uniq_robin,
          uniq_terence, uniq_jessica
D:3:      minmay_spotlight, layout_loops_corners, minmay_joined_circles
D:4:      layout_rooms, kennysheep_mini, lemuel_doored_altar,
          gammafunk_temple_overflow_wave, uniq_menkaure
D:5:      layout_gridville, lemuel_round_altar, minmay_temple_entry_junction,
          first_ration, okawaru_metal_pillars_1_2, uniq_edmund, uniq_grinder,
          uniq_blork_the_orc
D:6:      layout_basic, ebering_ghost_sewer_d
D:7:      gammafunk_wand_slinger, layout_basic, chequers_serial_rivers_micro_e,
          grunt_ogre_cave, uniq_pikel
D:8:      layout_loops_corners, lemuel_coloured_pillars_altar, serial_shops,
          shop_statue, nrook_mini_vaults, hangedman_glass_garden, uniq_joseph,
          uniq_maurice, uniq_harold, uniq_psyche
D:9:      layout_basic, grunt_temple_overflow_order_and_chaos_2,
          kennysheep_mini_moat, erik_lair_orcish_takeover,
          ebering_ghost_rock_garden, basic_altar, nicolae_blasting_shop,
          kennysheep_boxes, uniq_erica

Skill      XL: |  1  2  3  4  5  6  7  8  9 10 11 |
---------------+----------------------------------+-----
Armour         | 4 5 6 7 8 9 |  9.2
Fighting       | 4 5 6 7 8 9 |  9.2
Maces & Flails | 3 4 6 8 10 | 10.6
Dodging        | 1 |  1.2
Shields        | 4 5 6 7 8 9 |  9.2

Action                   |  1- 3 |  4- 6 |  7- 9 | 10-12 || total
-------------------------+-------+-------+-------+-------++-------
Melee: Flail             |    70 |    14 |       |       ||    84
       Whip              |       |   148 |   374 |   277 ||   799
 Abil: Evoke Berserk Rag |       |       |     5 |     8 ||    13
  Use: Potion            |     1 |     5 |       |     5 ||    11
       Scroll            |       |     2 |       |     9 ||    11
 Stab: Paralysed         |       |       |     4 |    10 ||    14
  Eat: Chunk             |       |     6 |    12 |    11 ||    29
       Ration            |       |       |     1 |     2 ||     3
Armor: Scale mail        |    37 |    55 |   136 |    54 ||   282
       Skin              |       |     7 |       |       ||     7
       Plate armour      |       |       |       |     1 ||     1
Dodge: Dodged            |    18 |    32 |    73 |    36 ||   159
Block: Shield            |    33 |    57 |   157 |    93 ||   340
